 Dungeon Crawl Stone Soup version 0.28-a0-998-gb9e9c7b67e (webtiles) character file.

Game seed: 8846314509871682763

79 ytrimaz the Insei (level 4, 0/28 HPs)
             Began as an Octopode Transmuter on Dec 5, 2021.
             Was a Believer of Nemelex Xobeh.
             Frozen to death by an endoplasm (5 damage)
             ... on level 3 of the Dungeon.
             The game lasted 00:03:33 (3229 turns).

ytrimaz the Insei (Octopode Transmuter)             Turns: 3229, Time: 00:03:34

Health: 0/28       AC:  1    Str:  9    XL:     4   Next: 37%
Magic:  8/8        EV: 13    Int: 17    God:    Nemelex Xobeh [**....]
Gold:   77         SH:  0    Dex: 12    Spells: 7/8 levels left

rFire   + . .      SeeInvis .     - Unarmed
rCold   . . .      Faith    .   (no shield)
rNeg    . . .      Spirit   .   (helmet restricted)
rPois   .          Reflect  .   g - amulet of the acrobat
rElec   .          Harm     .   c - ring of protection from fire
rCorr   .          Rampage  .   (no ring)
Will    .....                   (no ring)
Stlth   ++........              (no ring)
HPRegen 0.09/turn               (no ring)
MPRegen 0.11/turn               (no ring)
                                (no ring)
                                (no ring)

@: no status effects
A: almost no armour, amphibious, 8 rings, camouflage 1, gelatinous body 1,
(nimble swimmer 1), tentacles
a: Renounce Religion, Draw Escape, Draw Destruction, Draw Summoning


You were on level 3 of the Dungeon.
You worshipped Nemelex Xobeh.
Nemelex Xobeh was pleased with you.
You visited 1 branch of the dungeon, and saw 3 of its levels.

You collected 77 gold pieces.

Inventory:

Jewellery
 c - a ring of protection from fire (left tentacle)
 f - an amulet of faith
 g - an amulet of the acrobat (around mantle)
Wands
 k - a wand of flame (30)
Potions
 a - 2 potions of flight {unknown}
 b - 2 potions of attraction
 d - a potion of curing
 e - 2 potions of resistance
 h - a potion of degeneration {unknown}
 i - a potion of magic {unknown}
 j - 2 potions of heal wounds {unknown}


   Skills:
 - Level 1.0 Fighting
 + Level 2.4 Dodging
 + Level 3.7 Unarmed Combat
 + Level 2.6 Spellcasting
 + Level 2.4 Transmutations
 * Level 1.4 Invocations


You had 7 spell levels left.
You knew the following spells:

 Your Spells              Type           Power      Damage    Failure   Level
a - Beastly Appendage     Tmut           20%        N/A       7%          1

Your spell library contained the following spells:

 Spells                   Type           Power      Damage    Failure   Level
 Wereblood                Tmut           10%        N/A       10%         2
 Freeze                   Ice            8%         1d3       19%         1
 Spider Form              Tmut/Pois      6%         N/A       32%         3
 Frozen Ramparts          Ice            4%         1d2       47%         3
 Ice Form                 Ice/Tmut       6%         N/A       73%         4
 Hailstorm                Conj/Ice       2%         3d3       87%         4


Dungeon Overview and Level Annotations

Branches:
Dungeon (3/15)

Altars:
Nemelex Xobeh


Innate Abilities, Weirdness & Mutations

You cannot wear most types of armour.
You are amphibious.
You can wear up to eight rings at the same time.
Your skin changes colour to match your surroundings (Stealth+).
Your rubbery body absorbs attacks. (AC +1, EV +1)
((You are camouflaged near water. (Stealth+)))
You have tentacles for arms and can constrict up to eight enemies at once.


Message History

You feel sick. The adder barely misses you.
Unknown command.
You tentacle-slap the adder.
You kill the adder!
You feel sick.
Unknown command.
Your tentacle spike disappears.
You feel sick.
Things that are here:
an adder corpse; a hobgoblin corpse You start resting.
You feel sick. x5
You are no longer poisoned.
You start resting.
You hear the rusting of a very distant drain.
You start resting.
Magic restored.
You start resting.
An endoplasm comes into view.
Things that are here:
an adder corpse; a hobgoblin corpse
Things that are here:
an adder corpse; a hobgoblin corpse You start resting.
An endoplasm is nearby!
The endoplasm quivers.
You tentacle-slap the endoplasm.
The endoplasm is moderately wounded.
The endoplasm freezes you.
You are frozen.
* * * LOW HITPOINT WARNING * * *
You tentacle-slap the endoplasm.
The endoplasm is heavily wounded.
The endoplasm freezes you.
You are frozen.
* * * LOW HITPOINT WARNING * * *
You tentacle-slap the endoplasm.
The endoplasm is severely wounded.
The endoplasm freezes you.
You are frozen.
You die...
Your body disappears without a glow.

##### ################....
.#######.............##.###
.......^.............>#.#
########.########..#..#.#
#......# #..#..#.#
#......#######..#..#.#
#......@J.†.....#..#.#
#.......#######.#..#.#
#.......#.......#..#.#
#.......#.#####.#..#.#
#.......#........).#.#
#####.#.#.......##.#.#
######.#.##.###...#.#.###
..:..........##...#.#....
.............###..#.#####


You could see an endoplasm.

Vanquished Creatures
  An adder (D:3)
  2 worms (D:2)
  6 ball pythons
  An endoplasm (D:1)
  A giant cockroach (D:2)
  3 goblins
  4 hobgoblins
  7 jackals
  A kobold (D:3)
  A quokka (D:1)
  4 bats
  A frilled lizard (D:1)
  2 rats (D:1)
34 creatures vanquished.

Vanquished Creatures (collateral kills)
  Terence (D:2)
  An endoplasm (D:1)
  A goblin (D:1)
  A kobold (D:1)
4 creatures vanquished.

Grand Total: 38 creatures vanquished

Notes
Turn   | Place    | Note
-------+----------+-------------------------------------------
     0 | D:1      | ytrimaz the Octopode Transmuter began the quest for the
                  | Orb.
     0 | D:1      | Reached XP level 1. HP: 13/13 MP: 3/3
   198 | D:1      | Found a faded altar of an unknown god.
   207 | D:1      | Prayed at the altar of an unknown god.
   207 | D:1      | Became a worshipper of Nemelex Xobeh the Trickster
   207 | D:1      | Reached * piety under Nemelex Xobeh
   360 | D:1      | Reached XP level 2. HP: 12/18 MP: 5/5
   662 | D:1      | Received a gift from Nemelex Xobeh
   693 | D:1      | Noticed a chaos spawn
  1437 | D:2      | Reached XP level 3. HP: 13/23 MP: 4/6
  1660 | D:2      | Reached ** piety under Nemelex Xobeh
  2099 | D:2      | Received a gift from Nemelex Xobeh
  2259 | D:2      | Noticed Terence
  2267 | D:2      | Killed Terence
  2268 | D:2      | Reached skill level 1 in Invocations
  2268 | D:2      | Reached XP level 4. HP: 6/28 MP: 4/7
  3229 | D:3      | Frozen to death by an endoplasm

Illustrated notes

Levels and vault maps discovered:
D:1:      sevenhm_arrival_forest_fort_large_4, layout_rooms,
          shapermc_ecumenical_altar_totnotflames, hangedman_abyss_or_decor_stabs
D:2:      layout_basic, kennysheep_minor_cross, uniq_terence
D:3:      layout_basic, portal_sewer_entry_d

Skill      XL: |  1  2  3 |
---------------+----------+-----
Invocations    | 1 |  1.4
Fighting       | |  1.0
Dodging        | |  2.4
Unarmed Combat | |  3.7
Spellcasting   | |  2.6
Transmutations | |  2.4

Action                   |  1- 3 |  4- 6 || total
-------------------------+-------+-------++-------
Melee: Unarmed           |    65 |    25 ||    90
       Constrict         |    16 |     7 ||    23
       Tentacles         |     9 |     1 ||    10
       Kick              |    10 |     3 ||    13
 Cast: Beastly Appendage |    17 |     3 ||    20
Invok: Draw Summoning    |     2 |       ||     2
  Use: Scroll            |     3 |     3 ||     6
 Stab: Sleeping          |     5 |     1 ||     6
Armor: Skin              |     6 |     4 ||    10
Dodge: Dodged            |    56 |    22 ||    78

Table legend: (Time is in decaauts)
 A = Elapsed time spent in this place.
 B = Non-inter-level travel time spent in this place.
 C = Inter-level travel time spent in this place.
 D = Time resting spent in this place.
 E = Time spent auto-exploring this place.
 F = Levels seen in this place.
 G = Mean time per level.
                   A        B        C        D        E       F      G
               +--------+--------+--------+--------+--------+-----+--------+
         Total |   3222 |   3077 |    145 |    499 |   2168 |   3 | 1074.0 |
       Dungeon |   3222 |   3077 |    145 |    499 |   2168 |   3 | 1074.0 |
               +--------+--------+--------+--------+--------+-----+--------+

Top non-repeatable levels by time:
     D:2: 1616 daAuts
     D:1: 1358 daAuts
     D:3: 247 daAuts
